 Dungeon Crawl Stone Soup version 0.30-a0-55-g90e3122c3a (webtiles) character file.

Game seed: 12735027328398010245

2 pretsel the Cudgeller (level 1, -1/19 HPs)
             Began as a Meteoran Cinder Acolyte on Sept 9, 2022.
             Was a High Priest of Ignis.
             Slain by a hobgoblin (3 damage)
             ... on level 1 of the Dungeon.
             The game lasted 00:02:01 (109 turns).

pretsel the Cudgeller (Meteoran Cinder Acolyte)      Turns: 109, Time: 00:02:01

Health: -1/19      AC:  2    Str: 15    XL:     1   Next: 57%
Magic:  3/3        EV: 11    Int: 15    God:    Ignis [*****.]
Gold:   64         SH:  0    Dex:  9    Spells: 2/2 levels left

rFire   + . .      SeeInvis .    a - -1 mace (flame)
rCold   . . .      Faith    .    (no shield)
rNeg    . . .      Spirit   .    b - +0 robe
rPois   .          Reflect  .    (no helmet)
rElec   .          Harm     .    (no cloak)
rCorr   .          Rampage  .    (no gloves)
Will    .....                    (no boots)
Stlth   +.........               (no amulet)
HPRegen 0.06/turn                (no ring)
MPRegen 0.08/turn                (no ring)

@: glowing
A: sense surroundings 1, otherworldly, glowing, explore regen
a: Renounce Religion, Fiery Armour, Foxfire Swarm, Rising Flame


You were on level 1 of the Dungeon.
You worshipped Ignis.
Ignis was extremely pleased with you.
You visited 1 branch of the dungeon, and saw 1 of its levels.

You collected 64 gold pieces.

Inventory:

Hand Weapons
 a - a -1 mace of flaming (weapon)
Armour
 b - a +0 robe (worn)


   Skills:
 + Level 3.3 Fighting
 + Level 4.1 Maces & Flails
 + Level 0.0 Dodging
 + Level 1.3 Spellcasting
 + Level 3.7 Fire Magic


You had 2 spell levels left.
You didn't know any spells.
Your spell library contained the following spells:

 Spells                   Type           Power      Damage    Failure   Level
 Scorch                   Fire           24%        2d6       8%          2


Dungeon Overview and Level Annotations

Branches:
Dungeon (1/15) Zot: 482

Altars:

Shops:
D:1 *


Innate Abilities, Weirdness & Mutations

You passively map a small area around you.
You are easily found by Zot.
You glow in the dark.
You regain HP and MP as you explore.


Message History

You now have 64 gold pieces (gained 10).
A rat comes into view.
Found an escape hatch in the floor.
Found a faded altar of an unknown god.
You barely miss the rat. The rat barely misses you.
You hit the rat but do no damage. The rat bites you but does no damage.
The rat barely misses you.
You hit the rat. You burn the rat.
You kill the rat!
You see here a rat corpse.
Unknown command.
A quokka comes into view.
A hobgoblin comes into view.
The hobgoblin shouts!
The quokka bites you.
The hobgoblin moves out of view.
You hit the quokka. You burn the quokka.
The quokka is severely wounded.
The quokka bites you. The quokka barely misses you.
You closely miss the quokka.
The quokka is severely wounded.
The quokka bites you.
You completely miss the quokka.
The quokka is severely wounded.
The quokka bites you. x2
* * * LOW HITPOINT WARNING * * *
You hit the quokka but do no damage.
The quokka is severely wounded.
The quokka barely misses you.
You closely miss the quokka.
The quokka is severely wounded.
The quokka bites you.
* * * LOW HITPOINT WARNING * * *
The hobgoblin closely misses you.
The quokka bites you but does no damage.
You closely miss the quokka.
The quokka is severely wounded.
The hobgoblin barely misses you. The quokka bites you.
* * * LOW HITPOINT WARNING * * *
The hobgoblin hits you.
You die...

*,,##.....#####.....#............
*,,*#......# #..................
*,,*#......####.####+#...........
,,,*##+#+#............#...#......
,,,,...#..............####....##.
**,,...........###....##**.......
,,,⌠P~~~~P~....#........,,......,
,,,~......P....#........,,#.....,
,,,..####.P†....@r......,**,...,,
,,,~,#_...⌠..#..g.......>,,,,,,,,
,*,~,####.~..#..........**,,,,,,,
,,,⌠,,..P.~...###.......,,,,,,,,,
,,,~⌠P~~P⌠~...#,,.......,,,,,,,,,
,,,,.........>#,,...####,,,,,****
,,,*##........#,,...#***,,,,,*
**** #.....####,,....,,,,,,,,****
*,,,,** *,,,,,,,,,,,,,,,,,*


You could see a quokka and a hobgoblin.

Vanquished Creatures
  A kobold (D:1)
  A ball python (D:1)
  A rat (D:1)
3 creatures vanquished.

Notes
Turn   | Place    | Note
-------+----------+-------------------------------------------
     0 | D:1      | pretsel the Meteoran Cinder Acolyte began the quest for the
                  | Orb.
     0 | D:1      | Reached XP level 1. HP: 19/19 MP: 3/3
    50 | D:1      | Found Kod Ebos's General Store.
    94 | D:1      | Found a faded altar of an unknown god.
   109 | D:1      | Slain by a hobgoblin

Illustrated notes

Levels and vault maps discovered:
D:1:      sevenhm_arrival_forest_fort_small_4, layout_basic,
          shapermc_ecumenical_altar_acropolis, serial_shops, shop_statue

Action                   || total
-------------------------++-------
Melee: Mace              ||    13
  Use: Scroll            ||     1
Armor: Robe              ||     2
Dodge: Dodged            ||     9

Table legend: (Time is in decaauts)
 A = Elapsed time spent in this place.
 B = Non-inter-level travel time spent in this place.
 C = Inter-level travel time spent in this place.
 D = Time resting spent in this place.
 E = Time spent auto-exploring this place.
 F = Levels seen in this place.
 G = Mean time per level.
                   A        B        C        D        E       F      G
               +--------+--------+--------+--------+--------+-----+--------+
         Total |    116 |    116 |      0 |      0 |     70 |   1 |  116.0 |
       Dungeon |    116 |    116 |      0 |      0 |     70 |   1 |  116.0 |
               +--------+--------+--------+--------+--------+-----+--------+

Top non-repeatable levels by time:
     D:1: 116 daAuts
